Map: [ESL] Alcyone

Players

Firefly

  • Race: Protoss Protoss
  • Spawn Location: 1:00

Nanami - Winner!

  • Race: Protoss Protoss
  • Spawn Location: 7:00

Event: ESL SC2 Masters 2024 Spring (Regional)

VOD

Have the link to the VOD?

Description

Time

  • Played on: April 26, 2024, 7:54 a.m.
  • Length: 5:11

All games in this series

Show
View Real Time Build Order
Export as new Build Order

Firefly Protoss 

Build Orders:  

Get SALT Encoding   

  12  0:00  Probe  
  13  0:12  Probe  
  14  0:17  Pylon  
  14  0:24  Probe  
  15  0:36  Gateway, Probe (Chrono Boost)  
  16  0:46  Probe (Chrono Boost), Assimilator  
  17  0:51  Probe (Chrono Boost)  
  17  0:54  Assimilator  
  18  1:03  Probe (Chrono Boost)  
  19  1:08  Gateway  
  20  1:12  Probe (Chrono Boost)  
  20  1:17  Probe (Chrono Boost)  
  20  1:24  Cybernetics Core  
  21  1:30  Probe  
  22  1:35  Pylon  
  22  1:43  Probe  
  23  2:01  Stalker x2, Warp Gate  
  27  2:15  Robotics Facility  
  27  2:27  Pylon  
  27  2:31  Stalker  
  27  2:33  Stalker  
  30  2:44  Gateway  
  32  3:05  Immortal (Chrono Boost)  
  34  3:14  Pylon  
  34  3:27  Stalker x2  
  38  3:40  Warp Prism (Chrono Boost)  
  40  3:52  Stalker  
  42  4:00  Pylon  
  40  4:11  Stalker x2  
  44  4:19  Stalker  
  40  4:41  Stalker x2  
  42  4:50  Stalker  
Show
View Real Time Build Order
Export as new Build Order

Nanami Protoss - Winner!

Build Orders: Phoenix Opening 

Get SALT Encoding   

  12  0:00  Probe  
  13  0:12  Probe  
  14  0:17  Pylon  
  14  0:24  Probe (Chrono Boost)  
  15  0:36  Probe (Chrono Boost)  
  15  0:37  Gateway  
  16  0:44  Probe (Chrono Boost)  
  16  0:45  Assimilator  
  17  0:51  Probe  
  17  0:56  Assimilator  
  18  1:03  Probe (Chrono Boost)  
  19  1:07  Gateway  
  20  1:12  Probe (Chrono Boost)  
  20  1:17  Probe (Chrono Boost)  
  20  1:25  Cybernetics Core  
  21  1:29  Probe  
  22  1:35  Pylon  
  22  1:41  Probe  
  23  1:53  Probe  
  24  2:01  Stalker, Sentry  
  24  2:05  Warp Gate  
  28  2:12  Pylon  
  28  2:13  Probe  
  31  2:33  Robotics Facility  
  31  2:40  Nexus  
  29  2:45  Sentry  
  29  2:49  Shield Battery  
  31  2:58  Stalker  
  33  3:09  Sentry  
  35  3:15  Pylon  
  36  3:27  Immortal (Chrono Boost)  
  39  3:40  Shield Battery  
  39  3:49  Phoenix  
  39  3:53  Stalker x2  
  43  4:04  Immortal (Chrono Boost)  
  47  4:11  Probe x2  
  49  4:19  Stalker  
  50  4:28  Stalker  
  52  4:37  Warp Prism (Chrono Boost)  
  53  4:51  Stalker  
  55  4:58  Stalker  
Tags
 
Add a new tag
Caveats
  • Supply blocks, unpowered buildings, or Contaminate may cause inaccurate times.
  • Supply counts are checked every 10 seconds.